 Dungeon Crawl Stone Soup version 0.29.1-1-gd02db69 (webtiles) character file.

Game seed: 13795511869808200422

277 Ayyar the Covered (level 6, -4/38 HPs)
             Began as a Gargoyle Fighter on Apr 17, 2023.
             Was a Priest of Nemelex Xobeh.
             Slain by an ogre
             ... wielding a +0 giant club
              (23 damage)
             ... on level 4 of the Dungeon.
             The game lasted 00:21:06 (3575 turns).

Ayyar the Covered (Gargoyle Fighter)                Turns: 3575, Time: 00:21:14

Health: -4/38      AC: 15    Str: 21    XL:     6   Next: 25%
Magic:  7/7        EV:  4    Int:  9    God:    Nemelex Xobeh [***...]
Gold:   314        SH:  4    Dex:  9    Spells: 5/5 levels left

rFire   . . .      SeeInvis .   t - +4 mace
rCold   . . .      Faith    .   c - +0 buckler
rNeg    + . .      Spirit   .   m - +0 chain mail
rPois   ∞          Reflect  .   (no helmet)
rElec   +          Harm     .   (no cloak)
rCorr   .          Rampage  .   q - +0 pair of gloves
Will    .....                   (no boots)
Stlth   ..........              (no amulet)
HPRegen 0.12/turn               (no ring)
MPRegen 0.10/turn               (no ring)

@: constricted
A: sickness immunity, AC +4, negative energy resistance 1, electricity
resistance, torment resistance 1, petrification resistance
a: Renounce Religion, Draw Escape, Draw Destruction, Draw Summoning, Triple Draw


You were on level 4 of the Dungeon.
You worshipped Nemelex Xobeh.
Nemelex Xobeh was most pleased with you.
You visited 1 branch of the dungeon, and saw 5 of its levels.

You collected 314 gold pieces.

Inventory:

Hand Weapons
 a - a +0 flail
 t - a +4 mace (weapon)
Missiles
 n - 5 curare-tipped darts (quivered)
Armour
 c - a +0 buckler (worn)
 m - a +0 chain mail (worn)
 q - a +0 pair of gloves (worn)
Wands
 p - a wand of paralysis (4)
 s - a wand of polymorph (6)
 w - a wand of iceblast (10)
Scrolls
 b - 2 scrolls of immolation
 e - 2 scrolls of poison {unknown}
 f - a scroll of vulnerability {unknown}
 g - 2 scrolls of silence
 j - a scroll of identify
 l - a scroll of fog {unknown}
 r - a scroll of teleportation {unknown}
Potions
 d - 2 potions of might
 h - 2 potions of lignification {unknown}
 i - a potion of heal wounds {unknown}
 k - a potion of invisibility {unknown}
 o - a potion of curing {unknown}
 u - a potion of degeneration {unknown}
 v - a potion of berserk rage {unknown}


   Skills:
 + Level 4.0 Fighting
 * Level 3.3 Maces & Flails
 + Level 1.0 Throwing
 + Level 4.4 Armour
 + Level 1.2 Dodging
 + Level 1.1 Stealth
 + Level 4.1 Shields
 + Level 1.9 Invocations


You had 5 spell levels left.
You didn't know any spells.
Your spell library contained the following spells:

 Spells                   Type           Power      Damage    Failure   Level
 Gell's Gravitas          Tloc           0%         N/A       100%        3
 Lesser Beckoning         Tloc           0%         N/A       100%        3
 Teleport Other           Tloc           0%         N/A       100%        3


Dungeon Overview and Level Annotations

Branches:
Dungeon (5/15)
 Temple: D:4-7

Altars:
Nemelex Xobeh
Okawaru
Wu Jian


Innate Abilities, Weirdness & Mutations

You are immune to sickness and miasma.
Your stone body is resilient. (AC +4)
You are immune to poison.
You resist negative energy. (rN+)
You are resistant to electric shocks. (rElec)
You are resistant to unholy torment.
You are immune to petrification.


Message History

You open the door.
Found a ring mail.
Found a stone staircase leading down.
There is an open door here.
You open the door.
There is an open door here.
You open the door.
There is an open door here.
Found a stone staircase leading up.
w - a wand of iceblast (10)
An ogre and an adder come into view.
The ogre shouts!
A ball python comes into view.
The ball python hisses angrily.
The adder bites you but does no damage. x2
You draw a card...
You have drawn the Orb.
Press: ? - help, Shift-Dir - straight line, f - ogre
Aim: an ogre, wielding a +0 giant club Your orb of destruction hits a rock wall. x2
The wavering orb of destruction weakly hits the ogre!
The ogre is heavily wounded.
The wavering orb of destruction weakly hits the adder!
You blow up the adder!
Your orb of destruction hits a rock wall. x2
The ball python bites you but does no damage.
The ball python completely misses you.
The ogre hits you with a +0 giant club!!
Ouch! That really hurt!
The ball python bites you but does no damage.
The ball python barely misses you.
Your Throwing skill increases to level 1!
You thump the ogre!
The ogre is almost dead.
The ball python bites you but does no damage.
The ball python grabs you. The ball python constricts you.
The ogre hits you with a +0 giant club!!
Ouch! That really hurt!
You die...
Your body disappears without a glow.

.# #........ <#
.######..#.#####..#
.'............##..###.
.####......##........
.# #####...........
..# #.........# ..#
#.........# ..#
#.......O°#####. ..#
#.......@S......
...####
#..############# .#
..# #.........
.####.####.#######
..................
.####.####'####### .#
#.##....# .#
#.##....### .#
#.##....'.#


You could see an ogre and a ball python.

Vanquished Creatures
  An iguana (D:4)
  Terence (D:2)
  Ijyb (D:3)
  3 adders
  A shadow imp (D:5)
  2 worms
  3 dart slugs
  5 orcs
  8 endoplasms
  3 giant cockroaches
  10 goblins
  3 hobgoblins
  7 jackals (D:1)
  2 quokkas
  2 ball pythons
  4 bats
  5 frilled lizards
  8 kobolds
  A rat (D:1)
70 creatures vanquished.

Vanquished Creatures (collateral kills)
  An ogre (D:5)
1 creature vanquished.

Vanquished Creatures (others)
  A plant (D:1)
  3 withered plants (D:1)
4 creatures vanquished.

Grand Total: 75 creatures vanquished

Notes
Turn   | Place    | Note
-------+----------+-------------------------------------------
     0 | D:1      | Ayyar the Gargoyle Fighter began the quest for the Orb.
     0 | D:1      | Reached XP level 1. HP: 14/14 MP: 1/1
   393 | D:1      | Reached XP level 2. HP: 18/19 MP: 2/2
   502 | D:1      | Found a faded altar of an unknown god.
   609 | D:1      | Prayed at the altar of an unknown god.
   609 | D:1      | Became a worshipper of Nemelex Xobeh the Trickster
   609 | D:1      | Reached * piety under Nemelex Xobeh
   801 | D:1      | Reached XP level 3. HP: 18/23 MP: 3/3
   986 | D:1      | Received a gift from Nemelex Xobeh
  1333 | D:2      | Noticed Terence
  1350 | D:2      | Killed Terence
  1351 | D:2      | Reached XP level 4. HP: 18/29 MP: 4/4
  1614 | D:2      | Found an iron altar of Okawaru.
  2366 | D:3      | Noticed Ijyb
  2370 | D:3      | Paralysed by Ijyb for 3 turns
  2378 | D:3      | Killed Ijyb
  2379 | D:3      | Reached skill level 1 in Invocations
  2379 | D:3      | Reached XP level 5. HP: 29/33 MP: 5/5
  2420 | D:3      | Found an ornate altar of the Wu Jian Council.
  2509 | D:3      | Reached ** piety under Nemelex Xobeh
  2784 | D:3      | You fall into a shaft and drop 2 floors!
  2784 | D:5      | Entered Level 5 of the Dungeon
  2965 | D:5      | Received a gift from Nemelex Xobeh
  3091 | D:5      | Noticed an ogre
  3134 | D:5      | Killed an ogre
  3135 | D:5      | Reached skill level 1 in Dodging
  3135 | D:5      | Reached skill level 1 in Stealth
  3135 | D:5      | Reached XP level 6. HP: 8/38 MP: 7/7
  3491 | D:4      | Reached *** piety under Nemelex Xobeh
  3575 | D:4      | Reached skill level 1 in Throwing
  3575 | D:4      | Slain by an ogre

Illustrated notes

Levels and vault maps discovered:
D:1:      matt_arrival_diagonals, layout_rooms,
          shapermc_ecumenical_altar_flowoftime, serial_bayou_pond_e,
          roderic_lattice_a
D:2:      layout_loops_corners, basic_altar, uniq_terence
D:3:      layout_loops_ring, lemuel_coloured_pillars_altar,
          amcnicky_altar_gilded, serial_forest, infiniplex_forest_lined_ring,
          infiniplex_forest_join, infiniplex_forest_lined_room_,
          infiniplex_forest_clump_double, infiniplex_forest_clump_medium,
          uniq_ijyb
D:4:      layout_basic, nicolae_ossuary_entry_catacombs, uniq_menkaure
D:5:      nicolae_cairo_tiling, layout_cave_pools

Skill      XL: |  1  2  3  4  5  6 |
---------------+-------------------+-----
Armour         | 4 |  4.4
Invocations    | 1 |  1.9
Maces & Flails | 3 |  3.3
Dodging        | 1 |  1.2
Stealth        | 1 |  1.1
Shields        | 4 |  4.1
Fighting       | 4 |  4.0
Throwing       | 1 |  1.0

Action                   |  1- 3 |  4- 6 || total
-------------------------+-------+-------++-------
Melee: Whip              |   122 |   172 ||   294
       Mace              |       |    26 ||    26
Throw: Dart              |       |     2 ||     2
Invok: Draw Destruction  |     3 |     5 ||     8
       Draw Escape       |       |     2 ||     2
       Draw Summoning    |       |     1 ||     1
  Use: Scroll            |       |     2 ||     2
Armor: Scale mail        |    51 |     5 ||    56
       Chain mail        |       |    97 ||    97
Dodge: Dodged            |    31 |    64 ||    95
Block: Buckler           |    19 |    35 ||    54
